 Dungeon Crawl Stone Soup version 0.22-a0-157-g169b76a (webtiles) character file.

4916 Banano the Basher (level 10, -6/90 HPs)
             Began as a Hill Orc Monk on Feb 8, 2018.
             Was a High Priest of Okawaru.
             Mangled by a two-headed ogre
             ... wielding a +0 giant club
              (8 damage)
             ... on level 8 of the Dungeon on Feb 9, 2018.
             The game lasted 00:18:18 (8953 turns).

Banano the Basher (Hill Orc Monk)                   Turns: 8953, Time: 00:18:19

Health: -6/90      AC: 16    Str: 17    XL:     10   Next: 51%
Magic:  10/10      EV:  7    Int: 10    God:    Okawaru [*****.]
Gold:   430        SH:  4    Dex: 14    Spells: 9/9 levels left

rFire    . . .     SeeInvis .   H - +5 flail
rCold    . . .     Gourm    .   D - +0 buckler
rNeg     . . .     Faith    .   o - +1 plate armour
rPois    +         Spirit   .   (no helmet)
rElec    .         Reflect  .   n - +2 cloak
rCorr    .         Harm     .   r - +0 pair of gloves
MR       .....                  (no boots)
Stlth    ..........             j - amulet of regeneration
HPRegen  0.65/turn              p - ring of poison resistance
MPRegen  0.12/turn              y - -2 ring of protection

@: about to teleport, drained
A: no striking features
a: Heroism, Finesse, Renounce Religion


You were on level 8 of the Dungeon.
You worshipped Okawaru.
Okawaru was extremely pleased with you.
You were hungry.

You visited 1 branch of the dungeon, and saw 8 of its levels.
You also visited: Sewer.

You collected 430 gold pieces.

Inventory:

Hand Weapons
 f - a +2 mace of protection
 w - a +1 mace of venom
 C - a +0 mace of draining
 H - a +5 flail (weapon)
Armour
 n - a +2 cloak (worn)
 o - a +1 plate armour (worn)
 r - a +0 pair of gloves (worn)
 s - a +0 chain mail
 D - a +0 buckler (worn)
Jewellery
 j - an amulet of regeneration (around neck)
 p - a ring of poison resistance (left hand)
 t - an uncursed ring of wizardry
 y - a -2 ring of protection (right hand)
Wands
 b - a wand of scattershot (4)
 G - a wand of paralysis (10)
Scrolls
 i - 2 scrolls of teleportation
 q - 2 scrolls of fog
 v - 3 scrolls of remove curse
 E - 2 scrolls of fear
Potions
 a - a potion of ambrosia {unknown}
 d - a potion of berserk rage {unknown}
 e - a potion of cancellation {unknown}
 h - 2 potions of might
 k - 3 potions of agility {unknown}
 l - 3 potions of brilliance {unknown}
 m - 5 potions of flight
 x - 2 potions of mutation {unknown}
 B - a potion of lignification {unknown}
 F - a potion of invisibility {unknown}
Comestibles
 c - 14 rations


   Skills:
 * Level 8.9(8.1) Fighting
   Level 4.1(3.4) Long Blades
 * Level 10.7(9.9) Maces & Flails
 * Level 7.2(6.5) Armour
 * Level 5.2(4.5) Dodging
 - Level 1.6(1.0) Stealth
 + Level 2.1(1.5) Shields


You had 9 spell levels left.
You didn't know any spells.

Dungeon Overview and Level Annotations

Branches:
Dungeon (8/15)             Temple (0/1) D:7
   Lair: D:8-11

Altars:
Ashenzari
Dithmenos
Elyvilon
Fedhas
Gozag
Okawaru
Ru
Trog
Uskayaw
Vehumet
Yredelemnul

Shops:
D:4 ?   D:7 :

Annotations:
D:8 Maurice


Message History

The two-headed ogre hits you with a giant club!!
* * * LOW HITPOINT WARNING * * *
The two-headed ogre barely misses you. The centaur hits you.
* * * LOW HITPOINT WARNING * * *
An orc wizard comes into view. It is wielding a dagger.
Okay, then.
As you read the scroll of teleportation, it crumbles to dust.
You feel strangely unstable. The centaur hits you.
* * * LOW HITPOINT WARNING * * *
The two-headed ogre barely misses you.
The two-headed ogre hits you with a giant spiked club!
* * * LOW HITPOINT WARNING * * *
You feel better. The centaur hits you!
* * * LOW HITPOINT WARNING * * *
The centaur misses you.
You feel better.
The two-headed ogre hits you with a giant club!
* * * LOW HITPOINT WARNING * * *
The two-headed ogre hits you with a giant spiked club!
You die...

#.....##...###..#
##.....#...o.#..#
#.....##.......#
#......###.....#
##.......####..#
#..........##†###
#|.............o#
###.#############O###
##..# #..((@coo#
...## ########.# ####
... # ### # # # . #


You could see a two-headed ogre, an orc warrior, a centaur, an orc wizard and an
orc.

Vanquished Creatures
  Pikel (D:7)
  Joseph (D:8)
  2 wraiths (D:8)
  An acid dragon (D:8)
  A water moccasin (D:5)
  Duvessa (D:4)
  An ice beast (D:8)
  4 sky beasts
  An orc warrior (D:6)
  3 ogres
  2 centaurs
  6 bullfrogs
  4 big kobolds
  Dowan (D:4)
  2 scorpions
  6 wights
  3 crimson imps
  A centaur zombie (D:6)
  A bullfrog zombie (D:6)
  4 orc wizards
  6 hounds
  2 orc priests
  A centaur skeleton (D:5)
  4 jellies
  2 iguanas
  Natasha (D:2)
  8 worker ants
  2 worker ant zombies
  17 adders
  3 gnolls (D:7)
  12 river rats
  A shadow imp (D:7)
  4 oozes
  An adder zombie (D:6)
  An adder skeleton (D:3)
  6 worms
  3 dart slugs
  9 leopard geckos
  20 orcs
  7 giant cockroaches
  13 goblins
  2 hobgoblins
  16 jackals
  24 kobolds
  2 quokkas
  8 ball pythons
  11 bats
  10 frilled lizards
  A jackal skeleton (D:5)
  A leopard gecko skeleton (D:8)
  24 rats
268 creatures vanquished.

Vanquished Creatures (others)
  A worker ant (D:7)
  An orc (D:4)
2 creatures vanquished.

Grand Total: 270 creatures vanquished

Notes
Turn   | Place    | Note
-------+----------+-------------------------------------------
     0 | D:1      | Banano the Hill Orc Monk began the quest for the Orb.
     0 | D:1      | Reached XP level 1. HP: 19/19 MP: 1/1
   345 | D:1      | Reached XP level 2. HP: 23/27 MP: 2/2
   549 | D:1      | Reached XP level 3. HP: 12/33 MP: 3/3
  1633 | D:2      | Noticed Natasha
  1643 | D:2      | Killed Natasha
  1643 | D:2      | Reached XP level 4. HP: 26/41 MP: 4/4
  1743 | D:2      | Reached skill level 1 in Maces & Flails
  2401 | D:2      | Noticed an ogre
  2411 | D:2      | Killed an ogre
  2411 | D:2      | Reached skill level 2 in Maces & Flails
  2411 | D:2      | Reached XP level 5. HP: 25/47 MP: 5/5
  2617 | D:2      | Reached skill level 5 in Fighting
  2736 | D:2      | Found a sacrificial altar of Ru.
  2745 | D:2      | Reached skill level 3 in Maces & Flails
  2745 | D:2      | Reached XP level 6. HP: 48/56 MP: 6/6
  3356 | D:3      | Found an iron altar of Okawaru.
  3362 | D:3      | Became a worshipper of Warmaster Okawaru
  3362 | D:3      | Reached * piety under Okawaru
  3362 | D:3      | Reached ** piety under Okawaru
  3611 | D:3      | Reached skill level 1 in Armour
  4366 | D:4      | Noticed Duvessa
  4370 | D:4      | Reached skill level 4 in Maces & Flails
  4385 | D:4      | Killed Duvessa
  4385 | D:4      | Reached XP level 7. HP: 25/61 MP: 7/7
  4388 | D:4      | Noticed Dowan
  4398 | D:4      | Killed Dowan
  4435 | D:4      | Reached skill level 5 in Maces & Flails
  4487 | D:4      | Found Ecib's Magic Scroll Emporium.
  5110 | D:5      | Entered Level 5 of the Dungeon
  5357 | D:5      | Reached skill level 6 in Maces & Flails
  5425 | D:5      | Reached XP level 8. HP: 68/70 MP: 8/8
  5531 | D:5      | Reached *** piety under Okawaru
  5631 | D:5      | Found a radiant altar of Vehumet.
  6036 | D:6      | Reached skill level 7 in Maces & Flails
  6187 | D:6      | Found a shadowy altar of Dithmenos.
  6392 | D:6      | Found a glowing drain.
  6427 | Sewer    | Entered a sewer
  6471 | Sewer    | Reached skill level 8 in Maces & Flails
  6673 | Sewer    | Reached XP level 9. HP: 65/79 MP: 9/9
  7193 | D:6      | Reached **** piety under Okawaru
  7287 | D:6      | Reached skill level 9 in Maces & Flails
  7297 | D:6      | Reached skill level 5 in Armour
  7297 | D:6      | Reached skill level 1 in Shields
  7421 | D:6      | Found an opulent altar of Gozag.
  7590 | D:7      | Found a staircase to the Ecumenical Temple.
  7701 | D:7      | Found a shattered altar of Ashenzari.
  7916 | D:7      | Noticed Pikel
  7948 | D:7      | Killed Pikel
  7948 | D:7      | Reached skill level 10 in Maces & Flails
  7948 | D:7      | Reached XP level 10. HP: 51/88 MP: 10/10
  7994 | D:7      | Found Elannel's Book Shoppe.
  8424 | D:8      | Found a hide-covered altar of Uskayaw.
  8507 | D:8      | Noticed Joseph
  8542 | D:8      | Killed Joseph
  8542 | D:8      | Reached skill level 5 in Dodging
  8584 | D:8      | Found a bloodstained altar of Trog.
  8584 | D:8      | Found a radiant altar of Vehumet.
  8584 | D:8      | Found a blossoming altar of Fedhas.
  8586 | D:8      | Found a white marble altar of Elyvilon.
  8587 | D:8      | Found a basalt altar of Yredelemnul.
  8627 | D:8      | Reached ***** piety under Okawaru
  8682 | D:8      | Found the +5 scythe "Finisher" {speed, Str+3}
  8851 | D:8      | Noticed Maurice
  8868 | D:8      | Noticed a two-headed ogre
  8953 | D:8      | HP: 2/90 [two-headed ogre/giant club (15)]
  8953 | D:8      | Mangled by a two-headed ogre

Vault maps used:
D:1:      erik_arrival_gehennom
D:2:      minmay_misc_feat_tower, kennysheep_cluttered_room,
          columned_hall_lemuel, dk_noncrumbling_4,
          nicolae_ru_great_annihilating_truth, uniq_natasha
D:3:      lemuel_doored_altar, first_ration
D:4:      serial_shops, shop, uniq_duvessa
D:5:      basic_altar
D:6:      grunt_dithmenos_smoke_and_mirrors, lemuel_round_altar,
          lightli_sewer_entry_pipes
D:7:      minmay_temple_entry_junction_2, serial_shops, shop, basic_altar,
          grunt_ogre_cave, uniq_pikel
D:8:      minmay_quarter_circles, grunt_temple_overflow_open,
          minmay_guarded_unrand_finisher, uniq_maurice, uniq_joseph
Sewer:    sewer_minmay_treatment

Skill      XL: |  1  2  3  4  5  6  7  8  9 10 |
---------------+-------------------------------+-----
Long Blades    | 4 |  4.1
Fighting       | 4 5 6 7 8 |  8.9
Dodging        | 3 4 5 |  5.2
Maces & Flails | 2 3 4 6 8 10 | 10.7
Armour         | 1 2 4 6 7 |  7.2
Shields        | 1 2 |  2.1
Stealth        | |  1.6

Action                   |  1- 3 |  4- 6 |  7- 9 | 10-12 || total
-------------------------+-------+-------+-------+-------++-------
Melee: Falchion          |   104 |       |       |       ||   104
       Mace              |     8 |   232 |   705 |   175 ||  1120
       Flail             |       |       |       |    93 ||    93
Invok: Heroism           |       |       |       |     1 ||     1
  Use: Scroll            |       |     7 |     8 |     5 ||    20
       Potion            |       |     2 |     7 |    11 ||    20
 Stab: Sleeping          |     3 |     1 |       |       ||     4
  Eat: Chunk             |     1 |     6 |     4 |     3 ||    14
       Ration            |       |     1 |     3 |       ||     4
Armor: Robe              |    25 |    50 |       |       ||    75
       Ring mail         |       |    59 |       |       ||    59
       Chain mail        |       |    98 |   158 |       ||   256
       Plate armour      |       |       |   578 |   245 ||   823
Dodge: Dodged            |    81 |   261 |   273 |   115 ||   730
Block: Buckler           |       |       |   111 |    70 ||   181
       Rpst.: Falchion   |    21 |       |       |       ||    21

Table legend:
 A = Spawn XP
 B = Non-spawn XP
 C = Spawn XP percentage of total XP
 D = Spawn monster count
 E = Non-spawn monster count
 F = Spawn count percentage of total count
 G = Total turns spent on level
                    A         B        C        D         E        F      G
               +---------+---------+-------+---------+---------+-------+---------
         Total |       0 |    7023 |   0.0 |       0 |     269 |   0.0 |  8953
               +---------+---------+-------+---------+---------+-------+---------
           D:1 |       0 |      75 |   0.0 |       0 |      35 |   0.0 |  1501
           D:2 |       0 |     292 |   0.0 |       0 |      31 |   0.0 |  1325
           D:3 |       0 |     161 |   0.0 |       0 |      34 |   0.0 |  1538
           D:4 |       0 |     452 |   0.0 |       0 |      13 |   0.0 |   746
           D:5 |       0 |     610 |   0.0 |       0 |      23 |   0.0 |   864
           D:6 |       0 |    1312 |   0.0 |       0 |      31 |   0.0 |   860
           D:7 |       0 |    1539 |   0.0 |       0 |      25 |   0.0 |   777
           D:8 |       0 |    2139 |   0.0 |       0 |      29 |   0.0 |   639
         Sewer |       0 |     443 |   0.0 |       0 |      48 |   0.0 |   703
               +---------+---------+-------+---------+---------+-------+---------
